 Dungeon Crawl Stone Soup version 0.31-a0-222-gefeffbb62a (webtiles) character file.

Game seed: 16828190839966641976

245 7w4c the Chopper (level 5, -3/42 HPs)
             Began as a Demonspawn Berserker on July 5, 2023.
             Was a Priest of Trog.
             Slain by a scorpion (4 damage)
             ... on level 4 of the Dungeon.
             The game lasted 00:09:15 (3085 turns).

7w4c the Chopper (Demonspawn Berserker)             Turns: 3085, Time: 00:09:15

Health: -3/42      AC: 11    Str: 19    XL:     5   Next: 83%
Magic:  5/5        EV:  6    Int:  9    God:    Trog [***...]
Gold:   124        SH:  0    Dex: 14    Spells: 4/4 levels left

rFire   . . .        a - +0 hand axe
rCold   . . .        (no shield)
rNeg    . . .        m - +0 plate armour
rPois   .            (no helmet)
rElec   .            (no cloak)
rCorr   .            (no gloves)
SInv    .            (no boots)
Will    .....        (no amulet) Stlth
                     (no ring)
HPRegen 0.27/turn    (no ring)
MPRegen 0.09/turn

%: no passive effects
@: lethally poisoned (-3 -> -12)
A: thin skeletal structure 1, demonic guardian 1, weakness stinger 1
a: Renounce Religion, Berserk, Trog's Hand


You were on level 4 of the Dungeon.
You worshipped Trog.
Trog was most pleased with you.
You visited 1 branch of the dungeon, and saw 4 of its levels.

You collected 124 gold pieces.

Inventory:

Hand Weapons
 a - a +0 hand axe (weapon)
Missiles
 e - 3 boomerangs (quivered)
Armour
 b - a +0 animal skin
 m - a +0 plate armour (worn)
Jewellery
 k - a ring of magical power
Wands
 o - a wand of roots (6)
 p - a wand of charming (9)
Scrolls
 c - a scroll of amnesia
 g - 2 scrolls of vulnerability
Potions
 d - a potion of mutation {unknown}
 f - a potion of resistance {unknown}
 h - 2 potions of attraction {unknown}
 i - a potion of brilliance {unknown}
 j - 3 potions of curing {unknown}
 l - a potion of invisibility {unknown}


   Skills:
 + Level 3.8 Fighting
 + Level 4.4 Axes
 + Level 0.3 Throwing
 + Level 2.4 Armour
 + Level 2.9 Dodging
 + Level 1.1 Stealth


You had 4 spell levels left.
You didn't know any spells.
Your spell library was empty.

Dungeon Overview and Level Annotations

Branches:
Dungeon (4/15)
 Temple: D:4-7

Altars:
Okawaru
Trog


Innate Abilities, Weirdness & Mutations

You have a somewhat thin skeletal structure. (Dex +2, Stealth+)
A weak demonic guardian rushes to your aid.
You have a small tail.


Message History

The scorpion stings you but does no damage.
You hit the scorpion but do no damage. You tail-slap the scorpion.
The scorpion is moderately wounded.
The scorpion stings you.
You hit the scorpion but do no damage.
Your tail-slap misses the scorpion.
The scorpion is moderately wounded.
The scorpion stings you.
You are poisoned.
The scorpion poisons you! The scorpion stings you.
You barely miss the scorpion.
The scorpion is moderately wounded.
You feel very sick. The scorpion stings you.
You hit the scorpion.
The scorpion is heavily wounded.
You feel very sick. The scorpion barely misses you.
You barely miss the scorpion.
The scorpion is heavily wounded.
You feel sick. The scorpion barely misses you. The scorpion stings you.
* * * LOW HITPOINT WARNING * * *
You are lethally poisoned!
The scorpion poisons you!
You hit the scorpion.
You tail-slap the scorpion, but do no damage.
The scorpion is severely wounded.
* * * LOW HITPOINT WARNING * * *
You feel very sick. The scorpion barely misses you.
You hit the scorpion. You tail-slap the scorpion.
The scorpion is severely wounded.
* * * LOW HITPOINT WARNING * * *
You feel very sick.
The scorpion stings you but does no damage.
You hit the scorpion.
Your tail-slap misses the scorpion.
The scorpion is almost dead.
* * * LOW HITPOINT WARNING * * *
You feel very sick. The scorpion stings you.
You die...

*****#### ########## *,,,,,..#
#........# *,****#.# #..#####.#
*,* ###.####.....##.#### *,*
#..................# ## *,*
#.#5####........##.# .# *,* #,#@#
##.########.# .# *,***,#s# #.#
#.# .* *,,,,,..# #.# #.# .*
****,,,,...# ##'## #.# ,*
*,,,,,,..#.# ##...#######.#
,******,**,*#..#.###.....####...#
,,,,,,*,**,*...#.##.......###.##.
,****,*,*,,...,#.#.........##.#..
** *,,,,,,,,,,,,+......)..'.....


You could see a scorpion (ally target) and a friendly iron imp (summoned).

Vanquished Creatures
  A scorpion (D:4)
  A hound (D:4)
  An orc wizard (D:3)
  5 adders
  A worm (D:3)
  A dart slug (D:1)
  5 orcs
  8 ball pythons
  6 bats
  7 endoplasms
  3 giant cockroaches
  9 goblins
  7 hobgoblins
  2 jackals (D:4)
  3 quokkas
  4 frilled lizards
  9 kobolds
  4 rats
77 creatures vanquished.

Notes
Turn   | Place    | Note
-------+----------+-------------------------------------------
     0 | D:1      | 7w4c the Demonspawn Berserker began the quest for the Orb.
     0 | D:1      | Reached XP level 1. HP: 18/18 MP: 1/1
   294 | D:1      | Gained mutation: You have a somewhat thin skeletal
                  | structure. (Dex +2, Stealth+) [demonic ancestry]
   294 | D:1      | Reached XP level 2. HP: 24/24 MP: 2/2
   337 | D:1      | Found a faded altar of an unknown god.
   385 | D:1      | Prayed at the altar of an unknown god.
   560 | D:1      | Reached skill level 3 in Axes
  1005 | D:2      | Reached ** piety under Trog
  1006 | D:2      | Gained mutation: You have a small tail. [demonic ancestry]
  1006 | D:2      | Reached XP level 3. HP: 29/29 MP: 3/3
  1506 | D:2      | Reached skill level 1 in Stealth
  1775 | D:3      | Reached XP level 4. HP: 25/35 MP: 4/4
  2334 | D:3      | Found an iron altar of Okawaru.
  2458 | D:4      | Noticed a scorpion
  2475 | D:4      | Killed a scorpion
  2475 | D:4      | Reached *** piety under Trog
  2476 | D:4      | Reached skill level 4 in Axes
  2476 | D:4      | Gained mutation: A weak demonic guardian rushes to your
                  | aid. [demonic ancestry]
  2476 | D:4      | Reached XP level 5. HP: 37/42 MP: 5/5
  2990 | D:4      | Identified the +10 dagger "Quetton" {venom, Dex+8}
  3085 | D:4      | HP: 1/42 [poisoned by a scorpion]
  3085 | D:4      | Slain by a scorpion

Illustrated notes

Levels and vault maps discovered:
D:1:      nicolae_arrival_memento_mori, layout_basic,
          nicolae_ecumenical_lake_church, nicolae_figureground_pulse
D:2:      layout_basic
D:3:      layout_basic, kennysheep_okawaru_gauntlet
D:4:      layout_loops_corners, lemuel_tele_altar

Skill      XL: |  1  2  3  4 |
---------------+-------------+-----
Dodging        | 2 |  2.9
Axes           | 3 4 |  4.4
Stealth        | 1 |  1.1
Armour         | 2 |  2.4
Fighting       | |  3.8
Throwing       | |  0.3

Action                     |  1- 3 |  4- 6 || total
---------------------------+-------+-------++-------
  Melee: Hand axe          |   154 |   103 ||   257
         Punch             |     2 |       ||     2
         Tailslap          |     4 |    15 ||    19
  Throw: Boomerang         |       |     9 ||     9
    Use: Scroll            |     2 |     4 ||     6
   Stab: Sleeping          |     4 |       ||     4
 Armour: Animal skin       |    68 |       ||    68
         Plate armour      |    20 |   112 ||   132
  Dodge: Dodged            |   160 |    43 ||   203

Table legend: (Time is in decaauts)
 A = Elapsed time spent in this place.
 B = Non-inter-level travel time spent in this place.
 C = Inter-level travel time spent in this place.
 D = Time resting spent in this place.
 E = Time spent auto-exploring this place.
 F = Levels seen in this place.
 G = Mean time per level.
                   A        B        C        D        E       F      G
               +--------+--------+--------+--------+--------+-----+--------+
         Total |   3121 |   3104 |     17 |      0 |   1938 |   4 |  780.2 |
       Dungeon |   3121 |   3104 |     17 |      0 |   1938 |   4 |  780.2 |
               +--------+--------+--------+--------+--------+-----+--------+

Top non-repeatable levels by time:
     D:2: 867 daAuts
     D:1: 855 daAuts
     D:3: 738 daAuts
     D:4: 659 daAuts
